 Dungeon Crawl Stone Soup version 0.29.0-4-gdea44cf6ec (webtiles) character file.

Game seed: 6239619534334693201

109 qw the Ruffian (level 4, 0/35 HPs)
             Began as a Ghoul Fire Elementalist on Aug 29, 2022.
             Slain by Edmund
             ... wielding a +4 dire flail of protection
              (14 damage)
             ... on level 4 of the Dungeon.
             The game lasted 00:01:33 (1912 turns).

qw the Ruffian (Ghoul Fire Elementalist)            Turns: 1912, Time: 00:01:34

Health: 0/35       AC:  8    Str: 13    XL:     4   Next: 89%
Magic:  5/5        EV:  8    Int: 10    God:
Gold:   88         SH:  0    Dex:  9    Spells: 5/6 levels left

rFire   + + .      SeeInvis .     - Unarmed
rCold   . . .      Faith    .   (no shield)
rNeg    + + +      Spirit   .   c - +0 fire dragon scales
rPois   inf        Reflect  .   (no helmet)
rElec   .          Harm     .   (no cloak)
rCorr   .          Rampage  .   (no gloves)
Will    .....                   (no boots)
Stlth   ..........              e - amulet of the acrobat
HPRegen 0.00/turn               (no ring)
MPRegen 0.09/turn               (no ring)

@: inhibited regen
A: claws 1, cold resistance 1, negative energy resistance 3, inhibited
regeneration, torment resistance 2, devour on kill
a: no special abilities


You were on level 4 of the Dungeon.
You visited 1 branch of the dungeon, and saw 4 of its levels.

You collected 88 gold pieces.


Innate Abilities, Weirdness & Mutations

You are immune to poison.
You have sharp fingernails.
Your flesh is cold resistant. (rC+)
You are immune to negative energy. (rN+++)
You do not regenerate when monsters are visible.
You are immune to unholy pain and torment.
You thrive by killing the living.


   Skills:
 + Level 1.2 Fighting
 - Level 1.7 Dodging
 - Level 2.1 Stealth
 - Level 4.4 Unarmed Combat
 - Level 1.7 Spellcasting
 - Level 0.7 Conjurations
 - Level 2.4 Fire Magic


You had 5 spell levels left.
You knew the following spells:

 Your Spells              Type           Power      Damage    Failure   Level
a - Foxfire               Conj/Fire      16%        2x1d4     75%         1

Your spell library contained the following spells:

 Spells                   Type           Power      Damage    Failure   Level
 Scorch                   Fire           10%        2d5       77%         2
 Conjure Flame            Conj/Fire      4%         6-21      98%         3
 Inner Flame              Hex/Fire       3%         N/A       99%         3
 Flame Wave               Conj/Fire      4%         2d5       100%        4

Inventory:

Missiles
 a - 2 boomerangs (quivered)
Armour
 c - +0 fire dragon scales (worn)
Jewellery
 e - an amulet of the acrobat (around neck)
Scrolls
 Y - 2 scrolls of identify
Potions
 f - a potion of curing

Dungeon Overview and Level Annotations

Branches:
Dungeon (3/15)

Altars:

Annotations:
D:4 Edmund


Message History

You scratch Edmund but do no damage.
Edmund is lightly wounded.
Edmund closely misses you.
You closely miss Edmund.
Edmund is lightly wounded.
Edmund misses you.
You barely miss Edmund.
Edmund is lightly wounded.
Edmund hits you with a +4 dire flail of protection!
1903 ||| DRINKING potion of heal wounds.
You feel much better.
Edmund hits you with a +4 dire flail of protection.
You barely miss Edmund.
Edmund is lightly wounded.
Edmund hits you with a +4 dire flail of protection.
You scratch Edmund.
Edmund is lightly wounded.
Edmund hits you with a +4 dire flail of protection.
You scratch Edmund.
Edmund is moderately wounded.
You hear a distant slurping noise.
Edmund hits you with a +4 dire flail of protection.
You closely miss Edmund.
Edmund is moderately wounded.
Edmund closely misses you.
You scratch Edmund but do no damage.
Edmund is moderately wounded.
You claw Edmund!
Edmund is moderately wounded.
Edmund completely misses you.
You scratch Edmund but do no damage.
Edmund is moderately wounded.
Edmund hits you but does no damage.
You scratch Edmund but do no damage.
Edmund is moderately wounded.
Edmund completely misses you.
You closely miss Edmund.
Edmund is moderately wounded.
Edmund hits you with a +4 dire flail of protection!
You die...

.....####
.....#..#########
#....#..#.......#
#....#..#.......#
#....#..#.......#
#....#..#.......######
#....#..'............#
#....'..#............#
+....#..########@.[..#
#....#####.....'@....#
#........#.....#>....#
.........#######.....#
.......>.... ......#
............ ......#
............ ......#
#........... .......#
#..###...###


You could see Edmund.

Vanquished Creatures
  A scorpion (D:4)
  An adder (D:4)
  6 ball pythons
  5 endoplasms
  3 giant cockroaches
  3 goblins (D:1)
  2 hobgoblins
  3 jackals (D:1)
  3 kobolds (D:2)
  4 bats
  A frilled lizard (D:1)
  4 rats
36 creatures vanquished.

Notes
Turn   | Place    | Note
-------+----------+-------------------------------------------
     0 | D:1      | qw the Ghoul Fire Elementalist began the quest for the Orb.
     0 | D:1      | Reached XP level 1. HP: 14/14 MP: 2/2
     0 | D:1      | 0 ||| qw: Version: 0.1-a-90-g952f4b7
     0 | D:1      | 0 ||| qw: Game counter: 4201
     0 | D:1      | 0 ||| qw: Always use a shield: true
     0 | D:1      | 0 ||| qw: God list: Okawaru
     0 | D:1      | 0 ||| qw: Allow faded altars: false
     0 | D:1      | 0 ||| qw: Do Orc after D:15 true
     0 | D:1      | 0 ||| qw: Do second Lair branch before Depths: true
     0 | D:1      | 0 ||| qw: Lair rune preference: random
     0 | D:1      | 0 ||| qw: Plans: Normal
     0 | D:1      | 0 ||| PLANNING D:1-11
   116 | D:1      | 116 ||| Stepping ~*~*~tactically~*~*~ (outnumbered).
   117 | D:1      | 117 ||| Stepping ~*~*~tactically~*~*~ (outnumbered).
   118 | D:1      | 118 ||| Stepping ~*~*~tactically~*~*~ (outnumbered).
   120 | D:1      | 120 ||| Stepping ~*~*~tactically~*~*~ (outnumbered).
   121 | D:1      | 121 ||| Stepping ~*~*~tactically~*~*~ (outnumbered).
   122 | D:1      | 122 ||| Stepping ~*~*~tactically~*~*~ (outnumbered).
   123 | D:1      | 123 ||| Stepping ~*~*~tactically~*~*~ (outnumbered).
   124 | D:1      | 124 ||| Stepping ~*~*~tactically~*~*~ (outnumbered).
   129 | D:1      | Reached skill level 1 in Unarmed Combat
   404 | D:1      | Reached skill level 1 in Fighting
   404 | D:1      | Reached XP level 2. HP: 22/23 MP: 3/3
   527 | D:1      | Found a faded altar of an unknown god.
   713 | D:1      | 713 ||| Stepping ~*~*~tactically~*~*~ (stealth).
   716 | D:1      | Reached skill level 2 in Unarmed Combat
   720 | D:1      | 720 ||| Stepping ~*~*~tactically~*~*~ (stealth).
  1167 | D:1      | 1167 ||| UPGRADING to +0 ring mail.
  1177 | D:1      | 1177 ||| DROPPING +0 robe.
  1178 | D:1      | 1178 ||| UPGRADING to amulet of the acrobat.
  1183 | D:1      | 1183 ||| READING 3 scrolls labelled MOFOSA TOSE.
  1184 | D:1      | 1184 ||| DRINKING 2 red potions.
  1185 | D:1      | 1185 ||| READING 2 scrolls of identify.
  1185 | D:1      | 1185 ||| IDENTIFYING amethyst potion
  1186 | D:1      | 1186 ||| DROPPING potion of magic.
  1251 | D:2      | 1251 ||| Stepping ~*~*~tactically~*~*~ (stealth).
  1255 | D:2      | Reached XP level 3. HP: 28/28 MP: 4/4
  1255 | D:2      | 1255 ||| Stepping ~*~*~tactically~*~*~ (stealth).
  1261 | D:2      | 1261 ||| Stepping ~*~*~tactically~*~*~ (stealth).
  1475 | D:2      | Identified the +11 whip of Death's Door {drain, Str+4}
  1776 | D:2      | 1776 ||| UPGRADING to +0 scale mail.
  1786 | D:2      | 1786 ||| UPGRADING to +0 fire dragon scales.
  1796 | D:2      | 1796 ||| DROPPING +0 scale mail.
  1797 | D:2      | 1797 ||| DROPPING +0 ring mail.
  1839 | D:3      | You fall into a shaft and drop 1 floor!
  1841 | D:4      | Identified the +0 robe of the Other World {Will+ Int+3}
  1855 | D:4      | Reached skill level 3 in Unarmed Combat
  1855 | D:4      | Noticed a scorpion
  1863 | D:4      | Killed a scorpion
  1864 | D:4      | Reached skill level 4 in Unarmed Combat
  1864 | D:4      | Reached XP level 4. HP: 35/35 MP: 5/5
  1891 | D:4      | Noticed Edmund
  1902 | D:4      | HP: 6/35 [Edmund/+4 dire flail of protection (9)]
  1903 | D:4      | 1903 ||| DRINKING potion of heal wounds.
  1912 | D:4      | Slain by Edmund

Levels and vault maps discovered:
D:1:      lightli_arrival_statue_moat, layout_basic,
          shapermc_ecumenical_altar_mp_highgroup, dk_noncrumbling_3,
          minmay_misc_feat_room
D:2:      layout_basic, guppyfry_early_lair_pool
D:3:      layout_basic, pdpol_temple_overflow_zin_treasury_gozag_greed,
          minmay_bisected
D:4:      layout_gridville, serial_shops, kennysheep_mini, uniq_edmund

Skill      XL: |  1  2  3 |
---------------+----------+-----
Unarmed Combat | 1 2 4 |  4.4
Fighting       | 1 |  1.2
Dodging        | |  1.7
Stealth        | |  2.1
Spellcasting   | |  1.7
Conjurations   | |  0.7
Fire Magic     | |  2.4

Action                   |  1- 3 |  4- 6 || total
-------------------------+-------+-------++-------
Melee: Unarmed           |   107 |    18 ||   125
Throw: Boomerang         |    28 |     4 ||    32
  Use: Scroll            |     2 |       ||     2
       Potion            |     1 |     1 ||     2
Armor: Robe              |    17 |       ||    17
       Ring mail         |    11 |       ||    11
       Fire dragon scale |     3 |     1 ||     4
Dodge: Dodged            |    67 |     7 ||    74

Table legend:
 A = Non-vault XP
 B = Vault XP
 C = Vault XP percentage of total XP
 D = Non-vault monster count
 E = Vault monster count
 F = Vault count percentage of total count
                 A         B        C        D         E       F
            +---------+---------+-------+---------+---------+-------
      Total |     156 |       0 |   0.0 |      36 |       0 |   0.0
            +---------+---------+-------+---------+---------+-------
        D:1 |      31 |       0 |   0.0 |      18 |       0 |   0.0
        D:2 |      23 |       0 |   0.0 |      15 |       0 |   0.0
        D:4 |     102 |       0 |   0.0 |       3 |       0 |   0.0
            +---------+---------+-------+---------+---------+-------
